 Dungeon Crawl Stone Soup version 0.31-a0-345-g1ebeae05c6 (webtiles) character file.

Game seed: 12631857799262396374

4724 porpoise the Grappler (level 10, -6/79 HPs)
             Began as a Barachi Shapeshifter on July 23, 2023.
             Was a Believer of Cheibriados.
             Mangled by a two-headed ogre
             ... wielding a +0 giant club
              (12 damage)
             ... on level 10 of the Dungeon.
             The game lasted 00:28:50 (8833 turns).

porpoise the Grappler (Barachi Shapeshifter)        Turns: 8833, Time: 00:28:51

Health: -6/79      AC:  5    Str: 24    XL:     10   Next: 45%
Magic:  10/10      EV: 12    Int: 12    God:    Cheibriados [**....]
Gold:   459        SH:  0    Dex: 18    Spells: 9/9 levels left

rFire   . .          .
                       - Unarmed
rCold   . . .        (no shield)
rNeg    . . .        G - +2 leather armour {Will+}
rPois   .            K - melded +2 hat
rElec   .            (cloak currently unavailable)
rCorr   .            s - melded +0 pair of gloves
SInv    .            (boots currently unavailable)
Will    +....        f - amulet of the acrobat
Stlth   +            (no ring)
HPRegen 0.33/turn    (no ring)
MPRegen 0.12/turn

%: acrobat
@: beast-form, studying Unarmed Combat, very slow
A: beast (slay +6), amphibious, slowness 1, strong legs 1, +LOS
a: Hop, Begin Untransformation, Renounce Religion, Bend Time


You were on level 10 of the Dungeon.
You worshipped Cheibriados.
Cheibriados was pleased with you.
You were a hulking beast.
You visited 2 branches of the dungeon, and saw 11 of its levels.

You collected 459 gold pieces.

Inventory:

Hand Weapons
 b - a +1 hand crossbow of flaming
Missiles
 o - 13 poisoned darts (quivered)
 v - 8 boomerangs
 E - a throwing net
Armour
 s - a +0 pair of gloves (melded)
 G - a +2 leather armour of willpower (worn)
 K - a +2 hat (melded)
Magical Staves
 w - a staff of earth
Jewellery
 f - an amulet of the acrobat (around neck)
 g - a ring of fire
 C - a ring of ice
Talismans
 c - a beast talisman
 j - a blade talisman
Wands
 p - a wand of acid (13)
 u - a wand of charming (4)
Scrolls
 a - a scroll of fog {unknown}
 e - a scroll of fear {unknown}
 h - a scroll of amnesia
 i - a scroll of noise {unknown}
 k - 5 scrolls of immolation
 l - a scroll of blinking
 n - 2 scrolls of poison
 t - a scroll of enchant weapon {unknown}
 y - a scroll of acquirement
 A - a scroll of enchant armour {unknown}
 B - 2 scrolls of torment {unknown}
 D - a scroll of teleportation
 H - a scroll of vulnerability {unknown}
Potions
 d - a potion of mutation
 m - 5 potions of curing
 q - a potion of lignification
 r - 2 potions of berserk rage
 x - a potion of resistance
 z - 4 potions of might
 F - 2 potions of heal wounds
 I - a potion of magic
 J - a potion of attraction
 M - a potion of degeneration {unknown}


   Skills:
 - Level 7.0 Fighting
 + Level 6.3 Armour
 - Level 2.1 Dodging
 + Level 12.3 Unarmed Combat
 * Level 9.9 Shapeshifting


You had 9 spell levels left.
You didn't know any spells.
Your spell library contained the following spells:

 Spells                   Type           Power      Damage    Failure   Level
 Blink                    Tloc           0%         N/A       50%         2
 Sublimation of Blood     Necr           0%         N/A       50%         2
 Animate Armour           Summ/Erth      0%         N/A       98%         4
 Manifold Assault         Tloc           0%         N/A       98%         4
 Petrify                  Tmut/Erth      0%         N/A       98%         4
 Summon Lightning Spire   Summ/Air       0%         N/A       98%         4
 Irradiate                Conj/Tmut      0%         3d11      100%        5
 Lee's Rapid Deconstruct  Erth           0%         3d4*      100%        5


Dungeon Overview and Level Annotations

Branches:
Dungeon (10/15)            Temple (1/1) D:7            Lair (0/5) D:8
    Orc: D:9-12

Altars:
Ashenzari
Cheibriados
Dithmenos
Elyvilon
Fedhas
Gozag
Hepliaklqana
Kikubaaqudgha
Makhleb
Nemelex Xobeh
Okawaru
Qazlal
Ru
Sif Muna
Trog
Uskayaw
Vehumet
Wu Jian
Xom
Yredelemnul
Zin
The Shining One

Shops:
D:8 *


Innate Abilities, Weirdness & Mutations

You are a hulking beast.
Your limbs bulge with bestial killing power. (Slay +6)
You are amphibious.
You cover ground slowly.
You can hop short distances.
You have an extended range of vision and can be seen from far away.


Message History

A wraith and a two-headed ogre come into view.
The two-headed ogre shouts in stereo!
Your +1 hand crossbow of flaming bursts into flame!
b - a +1 hand crossbow of flaming (weapon)
You shoot a bolt. The bolt hits the two-headed ogre!
The bolt burns the two-headed ogre.
The two-headed ogre is moderately wounded.
You shoot a bolt. The bolt hits the two-headed ogre.
The bolt burns the two-headed ogre.
The two-headed ogre is moderately wounded.
Your +1 hand crossbow of flaming stops flaming.
You are now empty-handed.
Throw: 14 darts (poison)
Press: ? - help, Q - select action, (/) - cycle Shift-Dir - straight line, f/p - two-headed ogre
Aim: a two-headed ogre, wielding two +0 giant clubs (moderately wounded, 80% to hit)
You throw a poisoned dart.
The poisoned dart hits the two-headed ogre.
The two-headed ogre is moderately wounded.
You completely miss the two-headed ogre.
The two-headed ogre is moderately wounded.
The two-headed ogre closely misses you.
The two-headed ogre hits you with a +0 giant club!
You hit the two-headed ogre.
The two-headed ogre is moderately wounded.
You barely miss the two-headed ogre.
The two-headed ogre is moderately wounded.
The two-headed ogre closely misses you.
The two-headed ogre hits you with a +0 giant club!
You hit the two-headed ogre.
The two-headed ogre is heavily wounded.
You hit the two-headed ogre.
The two-headed ogre is heavily wounded.
The two-headed ogre hits you with a +0 giant club!
The two-headed ogre hits you with a +0 giant club!!
You punch the two-headed ogre! x2
The two-headed ogre is almost dead.
The two-headed ogre hits you with a +0 giant club!!
* * * LOW HITPOINT WARNING * * *
The two-headed ogre hits you with a +0 giant club!
You die...

.. ....
#######......
#...hOW......
###.##.......
#.# ......
#.# ..... #<#
.... ### ...
.. .


You could see a two-headed ogre and a wraith.

Vanquished Creatures
  A two-headed ogre (D:8)
  An unseen horror (D:9)
  2 komodo dragons (D:8)
  Sigmund (D:5)
  A wraith (D:8)
  4 wyverns
  A basilisk (D:8)
  2 water moccasins
  A swamp drake (D:8)
  An ogre (D:7)
  3 phantoms
  A kobold brigand (D:9)
  3 scorpions
  A gnoll sergeant (D:8)
  3 wights (D:9)
  5 killer bees (D:9)
  A howler monkey (D:8)
  A hound (D:6)
  A jelly (D:7)
  An orc priest (D:6)
  4 gnoll boudas
  2 iguanas
  2 sleepcaps (D:7)
  11 orc wizards
  Natasha (D:3)
  21 gnolls
  3 adders
  2 white imps
  An ufetubus (D:6)
  3 worms (D:2)
  4 dart slugs
  22 orcs
  9 endoplasms
  4 giant cockroaches
  7 goblins
  11 hobgoblins
  3 jackals (D:1)
  2 quokkas
  9 ball pythons
  7 bats
  2 frilled lizards
  7 kobolds
  2 rats (D:2)
174 creatures vanquished.

Notes
Turn   | Place    | Note
-------+----------+-------------------------------------------
     0 | D:1      | porpoise the Barachi Shapeshifter began the quest for the
                  | Orb.
     0 | D:1      | Reached XP level 1. HP: 15/15 MP: 1/1
   202 | D:1      | Reached XP level 2. HP: 22/22 MP: 2/2
   498 | D:1      | Reached XP level 3. HP: 26/27 MP: 3/3
   922 | D:2      | Reached skill level 4 in Unarmed Combat
   992 | D:2      | Reached XP level 4. HP: 34/34 MP: 4/4
  1208 | D:2      | Found a faded altar of an unknown god.
  2287 | D:3      | Noticed Natasha
  2293 | D:3      | Reached XP level 5. HP: 41/41 MP: 5/5
  2297 | D:3      | Killed Natasha
  2495 | D:4      | Identified 3 scrolls of acquirement
  2495 | D:4      | Acquired a manual of Unarmed Combat
  2499 | D:4      | Acquired a +1 hand crossbow of flaming
  3346 | D:5      | Entered Level 5 of the Dungeon
  3346 | D:5      | Noticed a phantom
  3349 | D:5      | Killed a phantom
  3350 | D:5      | Reached skill level 5 in Unarmed Combat
  3350 | D:5      | Reached XP level 6. HP: 48/48 MP: 6/6
  3636 | D:5      | Noticed Sigmund
  3651 | D:5      | Killed Sigmund
  3652 | D:5      | Reached skill level 5 in Fighting
  3652 | D:5      | Reached skill level 6 in Unarmed Combat
  3652 | D:5      | Reached skill level 5 in Shapeshifting
  3652 | D:5      | Reached XP level 7. HP: 49/56 MP: 7/7
  3929 | D:5      | Reached skill level 7 in Unarmed Combat
  4563 | D:6      | Reached XP level 8. HP: 43/64 MP: 8/8
  4653 | D:6      | Reached skill level 8 in Unarmed Combat
  5343 | D:7      | Identified the +4 scale mail "Aculemun" {Rampage Regen+
                  | rCorr Str-3}
  5663 | D:7      | Reached skill level 9 in Unarmed Combat
  5919 | D:7      | Reached skill level 1 in Armour
  6032 | D:7      | Found a staircase to the Ecumenical Temple.
  6035 | D:7      | Noticed a wyvern
  6041 | D:7      | Killed a wyvern
  6042 | D:7      | Reached XP level 9. HP: 47/72 MP: 9/9
  6048 | Temple   | Entered the Ecumenical Temple
  6055 | Temple   | Became a worshipper of Cheibriados the Contemplative
  6564 | D:8      | Reached skill level 10 in Unarmed Combat
  6744 | D:8      | Noticed a two-headed ogre
  6747 | D:8      | Killed a two-headed ogre
  6763 | D:8      | Reached * piety under Cheibriados
  6919 | D:8      | Found Gouryemm's Overcharged Wands.
  6930 | D:8      | Found a shimmering altar of Xom.
  7009 | D:8      | Reached skill level 11 in Unarmed Combat
  7230 | D:8      | Noticed a komodo dragon
  7232 | D:8      | Reached skill level 5 in Armour
  7240 | D:8      | Killed a komodo dragon
  7241 | D:8      | Reached XP level 10. HP: 77/79 MP: 10/10
  7348 | D:8      | Found a staircase to the Lair.
  7985 | D:9      | Killed an unseen horror
  7986 | D:9      | Reached skill level 12 in Unarmed Combat
  8263 | D:9      | Reached ** piety under Cheibriados
  8817 | D:10     | Entered Level 10 of the Dungeon
  8822 | D:10     | Noticed a two-headed ogre
  8833 | D:10     | Mangled by a two-headed ogre

Illustrated notes

Levels and vault maps discovered:
D:1:      matt_arrival_diagonals, layout_basic
D:2:      layout_basic, basic_ecumenical_altar
D:3:      layout_loops_ring, chequers_serial_rivers_large_a, uniq_natasha
D:4:      layout_cave_pods
D:5:      layout_rooms, item_on_display_a, uniq_sigmund
D:6:      layout_loops_cross, dk_noncrumbling_3
D:7:      layout_basic, temple_pool_b, serial_corexii_hall,
          corexii_hall_statues_s, chequers_hall_statues_corner_a,
          serial_park_tiny_2
D:8:      layout_cave_pools, mainiacjoe_overflow_tiny_flanked, erik_lair_dragon,
          nicolae_shop_overcharged_wands
D:9:      layout_irregular_city, dreamdust_mushroom_princess
D:10:     layout_basic
Temple:   compressed_dpeg_circular_temple

Skill      XL: |  1  2  3  4  5  6  7  8  9 10 |
---------------+-------------------------------+-----
Fighting       | 2 3 4 5 6 7 |  7.0
Unarmed Combat | 4 5 6 7 9 11 12 | 12.3
Shapeshifting  | 4 5 7 9 |  9.9
Armour         | 2 5 6 |  6.3
Dodging        | |  2.1

Action                     |  1- 3 |  4- 6 |  7- 9 | 10-12 || total
---------------------------+-------+-------+-------+-------++-------
  Melee: Unarmed           |    87 |   114 |   176 |    64 ||   441
         Punch             |     3 |     3 |    16 |     2 ||    24
   Fire: Hand crossbow     |       |    20 |    52 |     4 ||    76
  Throw: Dart              |       |       |     1 |     1 ||     2
Ability: Begin Untransform |       |     1 |       |     1 ||     2
    Use: Scroll            |       |    10 |     6 |     3 ||    19
         Potion            |       |     2 |     2 |       ||     4
   Stab: Sleeping          |     2 |     1 |       |       ||     3
 Armour: Animal skin       |    10 |     2 |       |       ||    12
         Leather armour    |       |    16 |     9 |    14 ||    39
         Scale mail        |       |    14 |    27 |       ||    41
  Dodge: Dodged            |    62 |    66 |   107 |    44 ||   279
   Form: Beast             |       |     1 |       |     3 ||     4
         Blade             |       |       |       |     2 ||     2

Table legend: (Time is in decaauts)
 A = Elapsed time spent in this place.
 B = Non-inter-level travel time spent in this place.
 C = Inter-level travel time spent in this place.
 D = Time resting spent in this place.
 E = Time spent auto-exploring this place.
 F = Levels seen in this place.
 G = Mean time per level.
                   A        B        C        D        E       F      G
               +--------+--------+--------+--------+--------+-----+--------+
         Total |  10355 |   9717 |    638 |   2612 |   5532 |  11 |  941.4 |
       Dungeon |  10273 |   9645 |    628 |   2550 |   5532 |  10 | 1027.3 |
        Temple |     81 |     72 |      9 |     62 |      0 |   1 |   81.0 |
               +--------+--------+--------+--------+--------+-----+--------+

Top non-repeatable levels by time:
     D:9: 1656 daAuts
     D:7: 1379 daAuts
     D:8: 1292 daAuts
     D:4: 1205 daAuts
     D:3: 1166 daAuts
     D:6: 1155 daAuts
     D:1: 845 daAuts
     D:2: 815 daAuts
     D:5: 739 daAuts
  Temple: 81 daAuts
    D:10: 18 daAuts
